 Dungeon Crawl Stone Soup version 0.22-a0-322-g60b3cfd (webtiles) character file.

117454 RoseArtemis the Severer (level 16, -4/152 HPs)
             Began as a Minotaur Fighter on Apr 4, 2018.
             Was a High Priest of Okawaru.
             Killed from afar by Nikola (17 damage)
             ... with a chain lightning
             ... on level 3 of the Swamp.
             The game lasted 01:24:36 (25295 turns).

RoseArtemis the Severer (Minotaur Fighter)         Turns: 25295, Time: 01:24:36

Health: -4/152     AC: 34    Str: 26    XL:     16   Next: 23%
Magic:  16/22      EV: 15    Int:  6    God:    Okawaru [*****.]
Gold:   398        SH:  0    Dex: 10    Spells: 15/15 levels left

rFire    + + +     SeeInvis +   a - +9 battleaxe "Naitodun" {elec, rPois Str+3}
rCold    + . .     Gourm    +   (shield currently unavailable)
rNeg     + . .     Faith    .   D - +8 chain mail "Yhyvom" {Regen+ rCorr}
rPois    +         Spirit   .   Q - +0 mask of the Dragon {MR+ Slay+3 SInv}
rElec    .         Reflect  .   T - +2 cloak {rPois}
rCorr    +         Harm     .   Z - +1 pair of gloves of Xouk {rF+++ rN+ Regen+}
MR       +++++                  C - +2 pair of boots
Stlth    ..........             Y - amulet of Vumem {Gourm rC+ MR+++ Dex-4 SInv}
HPRegen  1.15/turn              G - +2 ring of evasion
MPRegen  0.18/turn              y - ring of protection from magic

@: heroism, finesse
A: retaliatory headbutt, horns 2
a: Heroism, Finesse, Renounce Religion


You were on level 3 of the Swamp.
You worshipped Okawaru.
Okawaru was extremely pleased with you.
You were completely stuffed.

You visited 5 branches of the dungeon, and saw 27 of its levels.
You also visited: Bailey.

You collected 2518 gold pieces.
You spent 2120 gold pieces at shops.

Inventory:

Hand Weapons
 a - the +9 battleaxe "Naitodun" (weapon) {elec, rPois Str+3}
   (Okawaru gifted it to you on level 2 of the Swamp)

   Occasionally, upon striking a foe, it will discharge some electrical energy
   and cause terrible harm.
   It affects your strength (+3).
   It protects you from poison.
Armour
 C - a +2 pair of boots (worn)
 D - the +8 chain mail "Yhyvom" (worn) {Regen+ rCorr}
   (You found it on level 7 of the Dungeon)

   It increases your rate of regeneration.
   It protects you from acid and corrosion.
 Q - the +0 mask of the Dragon (worn) {MR+ Slay+3 SInv}
   (You bought it in a shop on level 6 of the Dungeon)

   It affects your accuracy and damage with ranged weapons and melee attacks
   (+3).
   It affects your resistance to hostile enchantments.
   It lets you see invisible.
 T - a +2 cloak of poison resistance (worn)
 Z - the +1 pair of gloves of Xouk (worn) {rF+++ rN+ Regen+}
   (You bought it in a shop on level 2 of the Orcish Mines)

   It renders you almost immune to fire.
   It protects you from negative energy.
   It increases your rate of regeneration.
Jewellery
 y - a ring of protection from magic (right hand)
 G - a +2 ring of evasion (left hand)
 Y - the amulet of Vumem (around neck) {Gourm rC+ MR+++ Dex-4 SInv}
   (You took it off a gnoll shaman in a bailey)

   [amulet of the gourmand]

   It allows you to eat raw meat even when not hungry.
   It affects your dexterity (-4).
   It protects you from cold.
   It affects your resistance to hostile enchantments.
   It lets you see invisible.
Wands
 e - a wand of iceblast (45)
 n - a wand of flame (52)
 q - a wand of disintegration (33)
 r - a wand of clouds (8)
 E - a wand of paralysis (9)
 M - a wand of acid (29)
 N - a wand of polymorph (37)
Scrolls
 c - a scroll of magic mapping {unknown}
 d - a scroll of summoning
 h - 10 scrolls of teleportation
 m - 2 scrolls of enchant armour
 s - 10 scrolls of remove curse
 w - 2 scrolls of fear {unknown}
 z - 4 scrolls of amnesia
 A - 5 scrolls of fog
 B - a scroll of silence {unknown}
 F - a scroll of holy word {unknown}
 H - a scroll of torment {unknown}
 L - a scroll of brand weapon {unknown}
 O - a scroll of blinking
Potions
 b - 4 potions of resistance
 g - a potion of ambrosia
 i - 4 potions of invisibility
 j - 6 potions of haste
 k - 5 potions of heal wounds
 l - 4 potions of agility
 o - 4 potions of flight
 t - 5 potions of lignification
 u - a potion of mutation {unknown}
 x - a potion of cancellation
 K - 3 potions of curing
 P - 2 potions of might
Comestibles
 f - 41 rations


   Skills:
 + Level 16.4(21.4) Fighting
 * Level 20.9(25.9) Axes
 - Level 16.0(21.0) Armour
 + Level 4.0(9.0) Dodging
   Level 6.1(11.1) Shields
 - Level 10.0 Invocations


You had 15 spell levels left.
You didn't know any spells.

Dungeon Overview and Level Annotations

Branches:
Dungeon (15/15)            Temple (1/1) D:4            Lair (6/6) D:9
  Swamp (3/4) Lair:4        Snake (0/4) Lair:2        Slime (0/5) Lair:5
    Orc (2/2) D:9             Elf (0/3) Orc:2        Vaults (0/5) D:13
 Depths (0/5) D:15

Altars:
Ashenzari
Cheibriados
Dithmenos
Elyvilon
Fedhas
Gozag
Hepliaklqana
Kikubaaqudgha
Makhleb
Nemelex Xobeh
Okawaru
Qazlal
Ru
Sif Muna
Trog
Uskayaw
Vehumet
Wu Jian
Xom
Yredelemnul
Zin
The Shining One

Shops:
D:6 [   D:11 %   D:12 *   D:14 =   Orc:1 [   Orc:2 [::%?

Annotations:
Lair:4 exclusion: 2 oklob plants
Swamp:3 Nikola


Innate Abilities, Weirdness & Mutations

You reflexively headbutt those who attack you in melee.
You have a pair of horns on your head.


Message History

You hear a mighty clap of thunder!
The lightning arc hits the spriggan rider.
The spriggan rider dies!
The hornet dies!
You hear a splash.
The lightning arc hits you!
The lightning arc hits the spriggan rider.
The lightning arc hits you!
The lightning arc hits the spriggan rider.
You hear a splash.
The spriggan dies!
The lightning arc hits you! The hornet misses you.
Nikola casts a spell.
You hear a mighty clap of thunder!
The lightning arc hits you!
* * * LOW HITPOINT WARNING * * *
The lightning arc hits the hornet.
The hornet dies!
The lightning arc hits you!
You die...

♣♣≈... .≈≈≈..
≈≈≈...≈ ≈≈≈≈.≈
≈...≈§≈ ≈≈≈@≈≈
.§≈≈≈≈.♣♣♣:≈≈≈≈≈
≈≈≈≈≈.≈♣≈≈≈≈≈≈.
♣.......≈≈≈≈≈≈
♣$....≈≈≈≈≈.
♣≈≈††)≈≈...♣
♣.)@)≈§.♣♣♣♣
♣.†≈≈≈≈.♣
.≈$..≈≈≈≈.≈♣
≈≈..≈.♣.≈≈.♣♣♣
......≈..≈♣♣
≈≈>.♣♣♣.≈.. ..≈♣
≈...♣♣ ... ♣≈≈♣♣


You could see Nikola.

Vanquished Creatures
  Rupert (D:14)
  A tengu reaver (D:13)
  A fire dragon (shapeshifter) (D:13)
  A fire dragon (D:13)
  Erolcha (D:11)
  2 centaur warriors
  A vault guard (D:13)
  9 hydras
  10 alligators
  2 catoblepae
  Erica (D:11)
  5 two-headed ogres
  A deep troll earth mage (D:13)
  4 death yaks (Lair:6)
  3 orc high priests (Orc:2)
  Nergalle (D:10)
  A flayed ghost (D:13)
  2 unseen horrors
  A spriggan druid (Swamp:2)
  A swamp dragon (Swamp:1)
  4 wizards
  Pikel (D:7)
  2 shambling mangroves
  A wolf spider zombie (D:14)
  5 orc knights
  19 ugly things
  A necromancer (D:15)
  3 cyclopes
  3 deep elf magi
  A faun (shapeshifter) (D:14)
  7 orc sorcerers
  An oklob plant (Orc:1)
  10 elephants (Lair:5)
  A naga mage (D:15)
  A water nymph (shapeshifter) (D:13)
  3 black mambas
  21 spiny frogs
  3 centaur skeletons
  3 gargoyles
  A rime drake (shapeshifter) (D:15)
  A komodo dragon (shapeshifter) (D:15)
  4 rime drakes
  An efreet (D:14)
  A kobold demonologist (D:12)
  A redback zombie (D:13)
  A queen bee (D:10)
  10 komodo dragons
  7 trolls
  3 meliai (D:14)
  A wind drake (shapeshifter) (D:14)
  5 hornets
  5 polar bears
  8 tyrant leeches
  Grinder (D:3)
  The ghost of Nattefrost the Insei, an amateur DsTm (D:4)
  15 blink frogs
  4 bog bodies
  2 meliai zombies (D:15)
  4 dream sheep (Lair:6)
  8 slime creatures
  7 hippogriffs
  A centaur simulacrum (D:15)
  4 shadows
  A redback (D:13)
  Sigmund (D:4)
  A wraith (D:15)
  A spriggan (Swamp:3)
  2 wyverns
  Eustachio (D:5)
  30 yaks
  A vampire (D:15)
  5 basilisks
  A hungry ghost (D:14)
  16 vampire mosquitoes
  Edmund (D:5)
  5 insubstantial wisps (Swamp:1)
  4 nagas (Lair:2)
  7 water moccasins
  2 wargs
  An acid dragon (D:11)
  11 swamp worms
  8 porcupines
  22 orc warriors
  3 ice beasts
  4 phantoms
  A swamp drake (shapeshifter) (D:13)
  6 necrophages
  11 ogres
  4 sky beasts
  4 eyes of draining
  The ghost of Kairos the Charmwright, an amateur BaSk (D:3)
  17 centaurs
  3 wolves (Lair:6)
  9 crocodiles
  A big kobold (D:9)
  Blork the orc (D:6)
  9 gnoll sergeants
  38 bullfrogs
  A wyvern zombie (D:13)
  2 wyvern skeletons
  2 scorpions
  18 killer bees
  20 wights
  4 electric eels
  A howler monkey (D:12)
  9 jellies
  A quasit (D:7)
  8 crimson imps
  10 centaur zombies
  10 hounds
  3 bullfrog zombies
  32 orc wizards
  15 orc priests
  6 gnoll shamans (Bailey)
  3 bullfrog skeletons
  3 iguanas
  10 worker ants
  A hound skeleton (D:5)
  A worker ant zombie (D:6)
  Robin (D:2)
  18 gnolls
  9 adders
  2 shadow imps
  2 oozes
  An adder zombie (D:7)
  An adder skeleton (D:6)
  3 dart slugs
  7 leopard geckos
  73 orcs
  7 giant cockroaches
  17 goblins
  7 hobgoblins
  17 jackals
  6 kobolds
  4 quokkas
  2 ball pythons
  2 bats
  6 frilled lizards
  3 quokka zombies
  2 rats
  7 bushes (D:12)
  7 fungi
  21 plants
853 creatures vanquished.

Vanquished Creatures (others)
  A hydra (Swamp:3)
  2 spriggans (Swamp:3)
  2 hornets (Swamp:3)
  2 vampire mosquitoes (Swamp:3)
  A swamp worm (Swamp:3)
  3 slaves (D:7)
  2 centaurs
  A killer bee (D:7)
  An orc (D:12)
  2 bushes
  11 fungi
  29 plants
57 creatures vanquished.

Grand Total: 910 creatures vanquished

Notes
Turn   | Place    | Note
-------+----------+-------------------------------------------
     0 | D:1      | RoseArtemis the Minotaur Fighter began the quest for the Orb.
     0 | D:1      | Reached XP level 1. HP: 19/19 MP: 0/0
   269 | D:1      | Reached XP level 2. HP: 27/27 MP: 1/1
   400 | D:1      | Reached skill level 3 in Axes
   689 | D:2      | Noticed a phantom
  1010 | D:2      | Noticed Robin
  1018 | D:2      | Killed Robin
  1018 | D:2      | Reached XP level 3. HP: 33/33 MP: 2/2
  1201 | D:2      | Killed a phantom
  1201 | D:2      | Reached skill level 4 in Axes
  1201 | D:2      | Reached XP level 4. HP: 33/41 MP: 3/3
  1201 | D:2      | Reached XP level 5. HP: 38/47 MP: 4/4
  1652 | D:3      | Noticed Kairos's ghost (amateur BaSk)
  1891 | D:3      | Killed Kairos's ghost
  1891 | D:3      | Reached skill level 5 in Axes
  2094 | D:3      | Noticed Grinder
  2105 | D:3      | Killed Grinder
  2105 | D:3      | Reached skill level 5 in Fighting
  2105 | D:3      | Reached skill level 5 in Armour
  2105 | D:3      | Reached skill level 5 in Shields
  2105 | D:3      | Reached XP level 6. HP: 33/56 MP: 5/5
  2234 | D:3      | Found a radiant altar of Vehumet.
  2322 | D:3      | Found a faded altar of an unknown god.
  2642 | D:3      | Reached skill level 6 in Axes
  2646 | D:3      | Reached XP level 7. HP: 44/61 MP: 6/6
  3442 | D:4      | Noticed Nattefrost's ghost (amateur DsTm)
  3452 | D:4      | Killed Nattefrost's ghost
  3452 | D:4      | Reached skill level 7 in Axes
  3452 | D:4      | Reached XP level 8. HP: 67/70 MP: 7/7
  3675 | D:4      | Found a staircase to the Ecumenical Temple.
  3684 | Temple   | Entered the Ecumenical Temple
  3985 | Temple   | Became a worshipper of Warmaster Okawaru
  4216 | D:4      | Noticed Sigmund
  4224 | D:4      | Killed Sigmund
  4224 | D:4      | Reached skill level 8 in Axes
  4520 | D:5      | Entered Level 5 of the Dungeon
  4607 | D:5      | Noticed Edmund
  4624 | D:5      | Killed Edmund
  4624 | D:5      | Reached * piety under Okawaru
  5047 | D:5      | Noticed Eustachio
  5062 | D:5      | Killed Eustachio
  5062 | D:5      | Reached skill level 9 in Axes
  5157 | D:5      | Found a blossoming altar of Fedhas.
  5157 | D:5      | Found a white marble altar of Elyvilon.
  6037 | D:6      | Found Wossahyr's Antique Armour Emporium.
  6045 | D:6      | Bought a slimy ring mail for 180 gold pieces
  6055 | D:6      | Identified the +3 ring mail of the Ladybird {rCorr Int+2} (You bought it in a shop on level 6 of the Dungeon)
  6139 | D:6      | Noticed Blork the orc
  6149 | D:6      | Killed Blork the orc
  6149 | D:6      | Reached XP level 9. HP: 79/79 MP: 5/8
  6363 | D:7      | Reached skill level 10 in Axes
  6365 | D:7      | Reached ** piety under Okawaru
  6683 | D:7      | Found an ornate altar of the Wu Jian Council.
  6851 | D:7      | Got a slimy chain mail
  6895 | D:7      | Identified the +8 chain mail "Yhyvom" {Regen+ rCorr} (You found it on level 7 of the Dungeon)
  6931 | D:7      | Found a sacrificial altar of Ru.
  6978 | D:7      | Reached skill level 11 in Axes
  7246 | D:7      | Reached *** piety under Okawaru
  7260 | D:7      | Noticed Pikel
  7267 | D:7      | Killed Pikel
  7267 | D:7      | Reached XP level 10. HP: 90/90 MP: 6/9
  7405 | D:7      | Found a stormy altar of Qazlal.
  7886 | D:8      | Noticed a two-headed ogre
  7896 | D:8      | Killed a two-headed ogre
  7896 | D:8      | Reached skill level 12 in Axes
  8112 | D:8      | Reached **** piety under Okawaru
  8159 | D:8      | Found a basalt altar of Yredelemnul.
  8728 | D:9      | Found a staircase to the Lair.
  8744 | D:9      | Reached skill level 10 in Fighting
  8744 | D:9      | Reached skill level 13 in Axes
  8744 | D:9      | Reached skill level 10 in Armour
  9089 | D:9      | Found a staircase to the Orcish Mines.
  9110 | D:9      | Reached skill level 1 in Invocations
  9390 | D:10     | Entered Level 10 of the Dungeon
  9739 | D:10     | Noticed Nergalle
  9755 | D:10     | Killed Nergalle
  9755 | D:10     | Reached ***** piety under Okawaru
  9755 | D:10     | Reached XP level 11. HP: 90/100 MP: 9/11
 10253 | Lair:1   | Entered Level 1 of the Lair of Beasts
 10283 | Lair:1   | Reached skill level 14 in Axes
 10433 | Lair:1   | Received a gift from Okawaru
 11088 | Lair:2   | Noticed a seven-headed hydra
 11095 | Lair:2   | Killed a seven-headed hydra
 11448 | Lair:2   | Noticed a catoblepas
 11460 | Lair:2   | Killed a catoblepas
 11587 | Lair:2   | Noticed a five-headed hydra
 11597 | Lair:2   | Killed a five-headed hydra
 11697 | Lair:2   | Found a staircase to the Snake Pit.
 11759 | Lair:2   | Reached skill level 15 in Axes
 12458 | Lair:3   | Reached XP level 12. HP: 109/109 MP: 12/14
 12460 | Lair:3   | Received a gift from Okawaru
 13198 | Lair:4   | Found an iron altar of Okawaru.
 13299 | Lair:4   | Noticed a catoblepas
 13309 | Lair:4   | Killed a catoblepas
 13556 | Lair:4   | Found a labyrinth entrance.
 13720 | Lair:4   | Reached skill level 16 in Axes
 13724 | Lair:4   | Found a staircase to the Swamp.
 14183 | Lair:5   | Found a dark tunnel.
 14373 | Lair:5   | Received a gift from Okawaru
 14498 | Lair:5   | Reached XP level 13. HP: 117/121 MP: 15/15
 14702 | Lair:5   | Found a staircase to the Slime Pits.
 14988 | Lair:6   | Entered Level 6 of the Lair of Beasts
 14995 | Lair:6   | Reached skill level 5 in Invocations
 15193 | Lair:6   | Reached skill level 17 in Axes
 15200 | Lair:6   | Reached ****** piety under Okawaru
 15357 | Lair:6   | Received a gift from Okawaru
 16773 | D:11     | Noticed Erica
 16790 | D:11     | Killed Erica
 17031 | D:6      | Bought the +0 mask of the Dragon {MR+ Slay+3 SInv} for 668 gold pieces
 17031 | D:6      | Found the +0 mask of the Dragon {MR+ Slay+3 SInv}
 17245 | D:11     | Received a gift from Okawaru
 17259 | D:11     | Reached XP level 14. HP: 129/131 MP: 11/18
 17624 | D:11     | Found Yhakuok's Food Emporium.
 17757 | D:11     | Noticed Erolcha
 17763 | D:11     | Killed Erolcha
 17763 | D:11     | Reached skill level 18 in Axes
 17935 | D:12     | Found Naremn's General Store.
 18203 | D:12     | Found a blossoming altar of Fedhas.
 18346 | D:12     | Received a gift from Okawaru
 18832 | Orc:1    | Entered Level 1 of the Orcish Mines
 19037 | Orc:1    | Found a flagged portal.
 19062 | Bailey   | Entered a bailey
 19205 | Bailey   | Got an ancient emerald amulet
 19570 | Orc:1    | Found Siediec's Antique Armour Shoppe.
 19829 | Orc:1    | Identified the amulet of Vumem {Gourm rC+ MR+++ Dex-4 SInv} (You took it off a gnoll shaman in a bailey)
 19844 | Orc:2    | Entered Level 2 of the Orcish Mines
 19907 | Orc:2    | Found a staircase to the Elven Halls.
 20062 | Orc:2    | Found Buecitya's Magic Scroll Boutique.
 20475 | Orc:2    | Found Owoev's Antique Armour Boutique.
 20479 | Orc:2    | Reached skill level 15 in Armour
 20500 | Orc:2    | Bought a glowing cloak for 247 gold pieces
 20500 | Orc:2    | Bought a pair of spiked gloves for 313 gold pieces
 20500 | Orc:2    | Identified the +1 pair of gloves of Xouk {rF+++ rN+ Regen+} (You bought it in a shop on level 2 of the Orcish Mines)
 20667 | Orc:2    | Found Mifrurav's Book Boutique.
 20668 | Orc:2    | Found Eqei's Food Shoppe.
 20668 | Orc:2    | Found Duicekiwi's Book Shoppe.
 20696 | Orc:2    | Bought a scroll of identify for 30 gold pieces
 20696 | Orc:2    | Bought 2 scrolls of identify for 60 gold pieces
 20696 | Orc:2    | Bought a scroll of enchant weapon for 112 gold pieces
 20696 | Orc:2    | Bought a scroll of identify for 30 gold pieces
 20696 | Orc:2    | Bought 2 scrolls of identify for 60 gold pieces
 20905 | D:13     | Reached skill level 15 in Fighting
 21069 | D:13     | Received a gift from Okawaru
 21069 | D:13     | Reached skill level 19 in Axes
 21134 | D:13     | Found a runed door.
 21134 | D:13     | Noticed a tengu reaver
 21198 | D:13     | Noticed a storm dragon
 21198 | D:13     | an eight-headed hydra changed into a storm dragon
 21199 | D:13     | a storm dragon changed into a four-headed hydra
 21200 | D:13     | Noticed a storm dragon
 21200 | D:13     | a four-headed hydra changed into a storm dragon
 21201 | D:13     | Killed a tengu reaver
 21207 | D:13     | a storm dragon changed into a minotaur
 21489 | D:13     | Reached XP level 15. HP: 133/141 MP: 20/20
 21499 | D:13     | Found a gate to the Vaults.
 22145 | D:14     | Found Deheh's Jewellery Emporium.
 22148 | D:14     | Bought an uncursed ring of protection from magic for 300 gold pieces
 22148 | D:14     | Bought a +2 ring of evasion for 120 gold pieces
 22481 | D:14     | Noticed Rupert
 22493 | D:14     | Killed Rupert
 22840 | D:15     | Entered Level 15 of the Dungeon
 23077 | D:15     | Found a staircase to the Depths.
 23080 | D:15     | Received a gift from Okawaru
 23080 | D:15     | Reached skill level 20 in Axes
 23769 | Swamp:1  | Entered Level 1 of the Swamp
 23834 | Swamp:1  | Reached skill level 10 in Invocations
 23835 | Swamp:1  | Reached skill level 1 in Dodging
 24011 | Swamp:1  | Received a gift from Okawaru
 24016 | Swamp:1  | Got a pitted battleaxe {god gift}
 24026 | Swamp:1  | Identified the +9 battleaxe "Fustack" {holy, +Rage} (Okawaru gifted it to you on level 1 of the Swamp)
 24075 | Swamp:1  | Got a heavily runed cloak
 24091 | Swamp:1  | Identified the -2 cloak "Fuacs" {Int+5 Dex+5 SInv} (You found it on level 1 of the Swamp)
 24183 | Swamp:1  | Reached XP level 16. HP: 151/151 MP: 14/22
 24760 | Swamp:2  | Received a gift from Okawaru
 24765 | Swamp:2  | Got a faintly glowing battleaxe {god gift}
 24766 | Swamp:2  | Identified the +9 battleaxe "Naitodun" {elec, rPois Str+3} (Okawaru gifted it to you on level 2 of the Swamp)
 25284 | Swamp:3  | Noticed Nikola
 25295 | Swamp:3  | Killed from afar by Nikola

Vault maps used:
D:1:      minmay_arrival_cross
D:2:      uniq_robin
D:3:      nicolae_overflow_hidden_temple, chequers_ecumenical_altar_twisty,
          first_ration, uniq_grinder
D:4:      minmay_temple_entry_statues_fountains, uniq_sigmund
D:5:      gammafunk_temple_overflow_elements, uniq_edmund, uniq_eustachio
D:6:      serial_shops, nicolae_shop_statue_plus, uniq_blork_the_orc
D:7:      grunt_qazlal_clouds, kennysheep_mini, grunt_ogre_cave,
          hangedman_ru_absence, uniq_pikel
D:8:      basic_altar, hangedman_abyss_or_decor_passed
D:9:      david_lair_shrubbed, orc_0_dummy, grunt_ministairs_7
D:10:     special_room, kennysheep_generic_room_4, uniq_nergalle
D:11:     serial_shops, shop, uniq_erolcha, uniq_erica
D:12:     serial_shops, shop, st_stairs_12, fedhas_altar_decomposition
D:13:     david_vaults_4, serial_park_tiny_2, minmay_hidden_floor
D:14:     serial_shops, nicolae_shop_behind_doors, serial_bayou_pond_c,
          palyth_stone_intersect, lemuel_flamethrower_3, uniq_rupert
D:15:     grunt_enter_depths_magical_seal, minivault_23
Temple:   minmay_temple_bridge_d
Lair:2:   minmay_snake_entry_guardpost_small
Lair:3:   infiniplex_staircase_pool, grunt_megastairs_4
Lair:4:   minmay_swamp_entry_worms, basic_altar, lab_entry_generic,
          minmay_lindwurm_lava, minmay_lair_oklob_chamber
Lair:5:   minmay_slime_entry_pillars, enter_volcano_2, patterned_corridor,
          grunt_megastairs_2, serial_bayou_shore_b
Lair:6:   minmay_lair_end_frog_pond
Swamp:1:  evilmike_swamp_ruin_rubble_2, swamp_pool1
Swamp:2:  nicolae_swamp_round_clearing, swamp_pool1
Swamp:3:  basic_altar, uniq_nikola
Orc:1:    enter_bailey_5, serial_shops, shop, mines3_lemuel
Orc:2:    st_orc_elflike, serial_shops, shop
Bailey:   bailey_polearm_gnolls_kennysheep, bailey

Skill      XL: |  1  2  3  4  5  6  7  8  9 10 11 12 13 14 15 16 |
---------------+-------------------------------------------------+-----
Axes           | 3 4 5 6 7 9 11 13 15 16 17 19 20 | 20.9
Fighting       | 4 5 6 7 9 10 11 13 14 15 16 | 16.4
Armour         | 4 5 6 7 9 10 11 13 14 15 16 | 16.0
Shields        | 4 5 6 |  6.1
Invocations    | 2 4 6 8 10 | 10.0
Dodging        | 2 4 |  4.0

Action                   |  1- 3 |  4- 6 |  7- 9 | 10-12 | 13-15 | 16-18 || total
-------------------------+-------+-------+-------+-------+-------+-------++-------
Melee: War axe           |    74 |    76 |   336 |   421 |       |       ||   907
       Headbutt          |    14 |     7 |    51 |   134 |   194 |    27 ||   427
       Hand axe          |       |       |    48 |    14 |       |       ||    62
       Unarmed           |       |       |    31 |       |       |       ||    31
       Battleaxe         |       |       |       |   217 |   271 |    35 ||   523
       Executioner's axe |       |       |       |       |   782 |    73 ||   855
Invok: Heroism           |       |       |     4 |    28 |    35 |     3 ||    70
       Finesse           |       |       |       |     2 |     8 |     1 ||    11
Evoke: Wand              |       |       |       |    16 |     7 |       ||    23
  Use: Scroll            |     3 |       |     5 |    15 |    20 |     2 ||    45
       Potion            |       |     1 |     3 |       |     5 |       ||     9
 Stab: Sleeping          |       |       |     6 |       |       |       ||     6
       Distracted        |       |       |       |       |     1 |       ||     1
  Eat: Chunk             |     1 |     5 |    15 |    20 |    53 |     4 ||    98
       Ration            |       |       |       |     1 |     1 |       ||     2
Armor: Scale mail        |    29 |    17 |    44 |       |       |       ||    90
       Shadow dragon sca |       |       |    40 |       |       |       ||    40
       Ring mail         |       |       |    11 |       |       |       ||    11
       Chain mail        |       |       |    14 |   256 |   715 |    87 ||  1072
       Skin              |       |       |       |       |    14 |       ||    14
Dodge: Dodged            |    21 |    11 |   118 |   138 |   428 |    76 ||   792
Block: Shield            |    30 |    23 |   215 |   303 |       |       ||   571
       Reflection        |       |       |     9 |    15 |    13 |       ||    37
       Other             |       |       |     4 |    27 |    92 |       ||   123

Table legend:
 A = Spawn XP
 B = Non-spawn XP
 C = Spawn XP percentage of total XP
 D = Spawn monster count
 E = Non-spawn monster count
 F = Spawn count percentage of total count
 G = Total turns spent on level
                    A         B        C        D         E        F      G
               +---------+---------+-------+---------+---------+-------+---------
         Total |       0 |  167792 |   0.0 |       0 |     826 |   0.0 | 25295
               +---------+---------+-------+---------+---------+-------+---------
           D:1 |       0 |      19 |   0.0 |       0 |      10 |   0.0 |   870
           D:2 |       0 |     202 |   0.0 |       0 |      21 |   0.0 |   989
           D:3 |       0 |     524 |   0.0 |       0 |      21 |   0.0 |  1067
           D:4 |       0 |    1009 |   0.0 |       0 |      38 |   0.0 |  1370
           D:5 |       0 |     835 |   0.0 |       0 |      18 |   0.0 |   932
           D:6 |       0 |     298 |   0.0 |       0 |      16 |   0.0 |   952
           D:7 |       0 |    3222 |   0.0 |       0 |      41 |   0.0 |  1242
           D:8 |       0 |    2213 |   0.0 |       0 |      23 |   0.0 |   950
           D:9 |       0 |    1553 |   0.0 |       0 |      26 |   0.0 |   915
          D:10 |       0 |    3261 |   0.0 |       0 |      34 |   0.0 |  1060
          D:11 |       0 |    9194 |   0.0 |       0 |      49 |   0.0 |   901
          D:12 |       0 |    6887 |   0.0 |       0 |      36 |   0.0 |   943
          D:13 |       0 |   14588 |   0.0 |       0 |      47 |   0.0 |  1033
          D:14 |       0 |   14710 |   0.0 |       0 |      54 |   0.0 |   955
          D:15 |       0 |   21501 |   0.0 |       0 |      50 |   0.0 |   730
        Lair:1 |       0 |    2952 |   0.0 |       0 |      11 |   0.0 |  1017
        Lair:2 |       0 |    4780 |   0.0 |       0 |      14 |   0.0 |  1233
        Lair:3 |       0 |    3431 |   0.0 |       0 |      20 |   0.0 |   769
        Lair:4 |       0 |    4986 |   0.0 |       0 |      19 |   0.0 |  1053
        Lair:5 |       0 |   11935 |   0.0 |       0 |      39 |   0.0 |  1237
        Lair:6 |       0 |   18496 |   0.0 |       0 |      63 |   0.0 |  1287
       Swamp:1 |       0 |   16875 |   0.0 |       0 |      36 |   0.0 |   821
       Swamp:2 |       0 |    6092 |   0.0 |       0 |      17 |   0.0 |   644
       Swamp:3 |       0 |    3501 |   0.0 |       0 |      14 |   0.0 |    17
         Orc:1 |       0 |    2677 |   0.0 |       0 |      31 |   0.0 |   727
         Orc:2 |       0 |   10827 |   0.0 |       0 |      48 |   0.0 |   789
        Bailey |       0 |    1224 |   0.0 |       0 |      30 |   0.0 |   417
               +---------+---------+-------+---------+---------+-------+---------
